[Event "94th FRA-ch Open B 2019"]
[Site "Chartres"]
[Date "2019.08.24"]
[Round "8.1"]
[White "Antoine, Jean-Luc"]
[Black "Lucbernet, Thomas"]
[Result "1/2-1/2"]
[ECO "D30"]
[WhiteElo "1959"]
[BlackElo "1873"]
[Annotator "NA"]
[PlyCount "114"]
[EventDate "2019.08.17"]
[EventType "swiss"]
[EventCountry "FRA"]
[SourceTitle "playchess.com"]
[Source "ChessBase"]
[SourceQuality "1"]
[TimeControl "40/5400+30:1800+30"]

1. c4 e6 2. d4 d5 3. e3 Nf6 4. Nf3 Be7 5. Nbd2 O-O 6. Qc2 Nbd7 7. b3 c5 8. Bb2 b6 9. Bd3 Bb7 10. cxd5 exd5 11. Rc1 Rc8 12. Qb1 cxd4 13. Bxd4 Rxc1+ 14. Qxc1 Nc5 15. Be2 Qd7 16. O-O Qf5 17. Qb1 Nce4 18. Qb2 Bd6 19. Bd3 Qh5 20. h3 Re8 21. Bxf6 Nxf6 22. Nd4 Ne4 23. Be2 Qg6 24. N2f3 Qf6 25. Rc1 h6 26. Bb5 Rc8 27. Rxc8+ Bxc8 28. Qc2 Be6 29. Qc6 Bf8 30. Bd3 Nd6 31. Qc2 g6 32. Nxe6 Qxe6 33. Nd4 Qf6 34. Qc7 Qe7 35. Qxe7 Bxe7 36. Nc6 Bf6 37. Nxa7 Kf8 38. Nc6 Bc3 39. f3 Ke8 40. Kf2 Kd7 41. Nd4 Bb2 42. a4 Kc7 43. Ke2 Nb7 44. b4 Kd7 45. Bb5+ Kd6 46. Kd3 Nd8 47. h4 Ne6 48. g3 Bxd4 49. exd4 Nc7 50. Ke3 Nxb5 51. axb5 Ke6 52. Kf4 Kf6 53. Kg4 Ke6 54. Kf4 Kf6 55. g4 g5+ 56. hxg5+ hxg5+ 57. Ke3 Ke6 1/2-1/2

[Event "94th FRA-ch Open B 2019"]
[Site "Chartres"]
[Date "2019.08.24"]
[Round "8.2"]
[White "Chabaud, Mathis"]
[Black "Delin, Valere"]
[Result "0-1"]
[ECO "B53"]
[WhiteElo "1915"]
[BlackElo "1866"]
[Annotator "NA"]
[PlyCount "64"]
[EventDate "2019.08.17"]
[EventType "swiss"]
[EventCountry "FRA"]
[SourceTitle "playchess.com"]
[Source "ChessBase"]
[SourceQuality "1"]
[TimeControl "40/5400+30:1800+30"]

1. e4 c5 2. Nf3 d6 3. d4 cxd4 4. Qxd4 Nc6 5. Bb5 Bd7 6. Bxc6 Bxc6 7. Nc3 Nf6 8. Bg5 e6 9. Qd3 Be7 10. Nd4 Rc8 11. O-O-O O-O 12. f4 a6 13. f5 Ng4 14. Bxe7 Qxe7 15. Qe2 Ne5 16. Kb1 b5 17. Rdf1 b4 18. Nd1 Qa7 19. Nxc6 Nxc6 20. f6 Ne5 21. Ne3 Qd4 22. Rf4 Ng6 23. fxg7 Nxf4 24. gxf8=Q+ Rxf8 25. Qf3 Ng6 26. Rd1 Qc5 27. Qg3 Rd8 28. Ng4 Qg5 29. e5 dxe5 30. Nh6+ Kg7 31. Rxd8 Qxd8 32. Qf3 Kxh6 0-1

[Event "94th FRA-ch Open B 2019"]
[Site "Chartres"]
[Date "2019.08.24"]
[Round "8.3"]
[White "Grange, Julien"]
[Black "Ragneau, Freddy"]
[Result "1-0"]
[ECO "D93"]
[WhiteElo "1894"]
[BlackElo "1814"]
[Annotator "NA"]
[PlyCount "199"]
[EventDate "2019.08.17"]
[EventType "swiss"]
[EventCountry "FRA"]
[SourceTitle "playchess.com"]
[Source "ChessBase"]
[SourceQuality "1"]
[TimeControl "40/5400+30:1800+30"]

1. d4 Nf6 2. Nf3 g6 3. c4 Bg7 4. Nc3 d5 5. Bf4 O-O 6. e3 c6 7. Be2 Qb6 8. a3 Bf5 9. b4 dxc4 10. Bxc4 a5 11. b5 cxb5 12. Qb3 e6 13. Na4 Qc6 14. Bxb5 Qc2 15. Qxc2 Bxc2 16. Nb6 Ra7 17. Bd6 Rd8 18. Be7 Rd5 19. Nxd5 Nxd5 20. Bd6 Nc6 21. Rc1 Be4 22. Ng5 Bxg2 23. Rg1 h6 24. Nxe6 Bh3 25. Nc5 Bc8 26. Nd3 Nde7 27. Bxe7 Nxe7 28. Rc7 Bf8 29. d5 Bf5 30. Nf4 Nc8 31. e4 Bd6 32. Rc2 Bxf4 33. exf5 Nd6 34. Bd3 g5 35. h4 Kg7 36. hxg5 hxg5 37. Rh1 b5 38. Ke2 Kf6 39. Rd1 Ke5 40. Kf3 b4 41. axb4 axb4 42. Kg4 Ra4 43. Bc4 Ra3 44. Re2+ Kf6 45. Bd3 b3 46. Rh1 Kg7 47. Rh3 Ra2 48. Rh1 Rxe2 49. Bxe2 b2 50. Bd3 Bc1 51. Rh3 Nc4 52. Bb1 Ne5+ 53. Kh5 Nd7 54. Kg4 Nf6+ 55. Kg3 Nxd5 56. Kh2 Kf6 57. Rb3 Ke5 58. Kg2 f6 59. Kf3 Kd6 60. Ke4 Kc5 61. Bd3 Nb4 62. Rc3+ Kd6 63. Bb1 Nc6 64. Rc4 Na5 65. Rd4+ Kc5 66. Rd5+ Kb4 67. Rd4+ Kc5 68. Rd5+ Kb4 69. Kd3 Nb7 70. f3 Nc5+ 71. Kc2 Kc4 72. Ba2+ Kb5 73. Rd6 g4 74. fxg4 Bg5 75. Kxb2 Ne4 76. Rd4 Nf2 77. Bf7 Kc5 78. Rc4+ Kd6 79. Kc2 Ke5 80. Bh5 Be3 81. Rc6 Bg5 82. Ra6 Ke4 83. Rb6 Nd3 84. Kc3 Ne5 85. Rb4+ Kd5 86. Rd4+ Kc5 87. Rd8 Bf4 88. Rg8 Bh6 89. Re8 Bf4 90. Re6 Bg5 91. Kb3 Nc6 92. Ka4 Kb6 93. Be8 Kc7 94. Bxc6 Bh4 95. Kb5 Bg5 96. Kc5 Bh4 97. Re7+ Kd8 98. Kd6 Bg3+ 99. Ke6 Bh4 100. Rf7 1-0

[Event "94th FRA-ch Open B 2019"]
[Site "Chartres"]
[Date "2019.08.24"]
[Round "8.4"]
[White "Arene, Olivier"]
[Black "Bosc, Gabriel"]
[Result "0-1"]
[ECO "B21"]
[WhiteElo "1872"]
[BlackElo "1893"]
[Annotator "NA"]
[PlyCount "45"]
[EventDate "2019.08.17"]
[EventType "swiss"]
[EventCountry "FRA"]
[SourceTitle "playchess.com"]
[Source "ChessBase"]
[SourceQuality "1"]
[TimeControl "40/5400+30:1800+30"]

1. e4 c5 2. d4 cxd4 3. c3 dxc3 4. Nxc3 Nc6 5. Nf3 g6 6. Bc4 Bg7 7. e5 Nxe5 8. Nxe5 Bxe5 9. Bxf7+ Kxf7 10. Qd5+ Kg7 11. Qxe5+ Nf6 12. O-O d6 13. Qd4 b6 14. Bg5 Rf8 15. Nd5 Bb7 16. Bxf6+ exf6 17. Rfe1 Rf7 18. Re6 Rc8 19. Nf4 d5 20. Rae1 Rc4 21. Qd2 Qb8 22. Nxd5 Qd8 23. Nf4 0-1

[Event "94th FRA-ch Open B 2019"]
[Site "Chartres"]
[Date "2019.08.24"]
[Round "8.5"]
[White "Le Menelec, Erwan-Son"]
[Black "Dubuisson, Mathias"]
[Result "1-0"]
[ECO "B01"]
[WhiteElo "1986"]
[BlackElo "1876"]
[Annotator "NA"]
[PlyCount "71"]
[EventDate "2019.08.17"]
[EventType "swiss"]
[EventCountry "FRA"]
[SourceTitle "playchess.com"]
[Source "ChessBase"]
[SourceQuality "1"]
[TimeControl "40/5400+30:1800+30"]

1. e4 d5 2. exd5 Nf6 3. Bb5+ Bd7 4. Bc4 Bf5 5. Nc3 Nbd7 6. d4 Nb6 7. Bb5+ Bd7 8. Bd3 Bg4 9. f3 Bd7 10. Be4 Bc8 11. Bf4 Nbxd5 12. Nxd5 Nxd5 13. Bxd5 Qxd5 14. Bxc7 Bf5 15. c3 Qc6 16. Bf4 Rd8 17. Ne2 g6 18. O-O Qb5 19. Ng3 Bd3 20. Re1 g5 21. Bxg5 Rg8 22. Re5 Qxb2 23. Qe1 Rd7 24. Rc5 Kd8 25. Rd1 b6 26. Re5 Bc4 27. Qe4 Qa3 28. Qa8+ Kc7 29. Bf4 Rd6 30. Nf5 Qxa2 31. Rxe7+ Bxe7 32. Qxg8 Qc2 33. Re1 Qxf5 34. Rxe7+ Kc6 35. Qe8+ Kd5 36. Re5+ 1-0

[Event "94th FRA-ch Open B 2019"]
[Site "Chartres"]
[Date "2019.08.24"]
[Round "8.6"]
[White "Lefevre, Margaux"]
[Black "Navrotescu, Vlad-Andrei"]
[Result "0-1"]
[ECO "B53"]
[WhiteElo "1868"]
[BlackElo "1943"]
[Annotator "NA"]
[PlyCount "66"]
[EventDate "2019.08.17"]
[EventType "swiss"]
[EventCountry "FRA"]
[SourceTitle "playchess.com"]
[Source "ChessBase"]
[SourceQuality "1"]
[TimeControl "40/5400+30:1800+30"]

1. e4 c5 2. Nf3 d6 3. d4 cxd4 4. Qxd4 e5 5. Qe3 Nf6 6. Bc4 Be7 7. O-O O-O 8. Nc3 a6 9. a4 Qc7 10. Bb3 Nbd7 11. a5 Nc5 12. Nd5 Nxd5 13. Bxd5 Be6 14. c4 Bxd5 15. exd5 f5 16. b4 Ne4 17. Qb3 Rac8 18. c5 dxc5 19. bxc5 Nxc5 20. Qc4 Bf6 21. d6+ Qf7 22. Qxf7+ Kxf7 23. Rb1 Rfd8 24. Rd1 e4 25. Ng5+ Kg6 26. h4 Nd3 27. Ba3 Rc3 28. Bb2 Nxb2 29. Rxb2 Rd3 30. Rxd3 exd3 31. Rd2 Rxd6 32. Nf3 Bc3 33. Rd1 Rd5 0-1

[Event "94th FRA-ch Open B 2019"]
[Site "Chartres"]
[Date "2019.08.25"]
[Round "9.1"]
[White "Bosc, Gabriel"]
[Black "Delin, Valere"]
[Result "0-1"]
[ECO "A03"]
[WhiteElo "1893"]
[BlackElo "1866"]
[Annotator "NA"]
[PlyCount "98"]
[EventDate "2019.08.17"]
[EventType "swiss"]
[EventCountry "FRA"]
[SourceTitle "playchess.com"]
[Source "ChessBase"]
[SourceQuality "1"]
[TimeControl "40/5400+30:1800+30"]

1. f4 c5 2. Nf3 d5 3. b3 Nf6 4. Bb2 g6 5. e3 Bg7 6. Bd3 Nc6 7. O-O O-O 8. Nc3 a6 9. Qc1 Nb4 10. Re1 Nxd3 11. cxd3 b5 12. a4 d4 13. Ne4 dxe3 14. dxe3 bxa4 15. Nxc5 axb3 16. Bxf6 Bxf6 17. d4 Qd5 18. Qa3 Bg4 19. Ne5 Bxe5 20. fxe5 Rfb8 21. Rab1 Be6 22. Red1 Qc4 23. e4 a5 24. Rd2 a4 25. d5 Bc8 26. d6 exd6 27. exd6 Qb4 28. Qxb4 Rxb4 29. d7 Bxd7 30. Rxd7 a3 31. Nxb3 a2 32. Ra1 Rxb3 33. Rdd1 Rb2 34. Rac1 Re2 35. Kf1 Rxe4 36. Ra1 Rb4 37. Kf2 Ra3 38. Rd2 Rba4 39. g3 Kg7 40. Rd6 Ra5 41. Rc6 Kh6 42. Kg2 f5 43. Rd6 R5a4 44. Rd2 Kg5 45. Rd5 h5 46. Rc5 h4 47. Rc6 hxg3 48. hxg3 Ra6 49. Rc4 R3a4 0-1

[Event "94th FRA-ch Open B 2019"]
[Site "Chartres"]
[Date "2019.08.25"]
[Round "9.2"]
[White "Lucbernet, Thomas"]
[Black "Grange, Julien"]
[Result "0-1"]
[ECO "D45"]
[WhiteElo "1873"]
[BlackElo "1894"]
[Annotator "NA"]
[PlyCount "132"]
[EventDate "2019.08.17"]
[EventType "swiss"]
[EventCountry "FRA"]
[SourceTitle "playchess.com"]
[Source "ChessBase"]
[SourceQuality "1"]
[TimeControl "40/5400+30:1800+30"]

1. d4 d5 2. c4 c6 3. Nf3 Nf6 4. Nc3 e6 5. e3 a6 6. Qc2 Bd6 7. a4 a5 8. Be2 Na6 9. O-O O-O 10. e4 Nxe4 11. Nxe4 dxe4 12. Qxe4 c5 13. Bg5 Qc7 14. Bd3 f5 15. Qh4 Nb4 16. Bb1 h6 17. Bd2 Be7 18. Qg3 Qxg3 19. hxg3 cxd4 20. Nxd4 Bf6 21. Bc3 Rd8 22. Nb5 Bxc3 23. bxc3 Na6 24. c5 Nxc5 25. Ba2 Kf8 26. Rfe1 Ke7 27. Bc4 Kf6 28. Nc7 Rb8 29. Re3 Bd7 30. Rae1 Rbc8 31. Nxe6 Bxe6 32. Bxe6 Rc6 33. Bc4 Ne4 34. Bb3 Rdd6 35. f3 Nxc3 36. Re7 Rb6 37. Bg8 Rd1 38. Rf7+ Kg6 39. Rxd1 Nxd1 40. Rd7 Nc3 41. Kf2 Nxa4 42. Ke3 Nc5 43. Rd5 Nb3 44. Kd3 a4 45. Kc3 Kf6 46. Kb2 Nd2+ 47. Ka2 Nb1 48. Rc5 g6 49. Rc2 Ke5 50. Rc4 g5 51. f4+ gxf4 52. gxf4+ Kf6 53. Rc2 Kg6 54. Bd5 Kh5 55. Rc1 Nd2 56. Ka3 Kg4 57. Kxa4 Kxf4 58. Rc3 Ne4 59. Rc4 Ke5 60. Bg8 Rb2 61. Rc7 Rxg2 62. Bh7 Nd6 63. Rc3 f4 64. Kb4 b6 65. Rh3 Nf7 66. Bb1 Rb2+ 0-1

[Event "94th FRA-ch Open B 2019"]
[Site "Chartres"]
[Date "2019.08.25"]
[Round "9.3"]
[White "Navrotescu, Vlad-Andrei"]
[Black "Antoine, Jean-Luc"]
[Result "0-1"]
[ECO "A45"]
[WhiteElo "1943"]
[BlackElo "1959"]
[Annotator "NA"]
[PlyCount "86"]
[EventDate "2019.08.17"]
[EventType "swiss"]
[EventCountry "FRA"]
[SourceTitle "playchess.com"]
[Source "ChessBase"]
[SourceQuality "1"]
[TimeControl "40/5400+30:1800+30"]

1. d4 Nf6 2. Bf4 d6 3. Nc3 Bf5 4. f3 Bg6 5. e4 e6 6. Qd2 c6 7. O-O-O d5 8. e5 Nfd7 9. h4 h5 10. g4 Be7 11. Bd3 Bxd3 12. Qxd3 g6 13. Nh3 Bxh4 14. g5 Nf8 15. Rdg1 Nh7 16. Rg2 Nd7 17. Qd2 b5 18. Ng1 Bxg5 19. Bxg5 Nxg5 20. Rxg5 a5 21. Nh3 a4 22. Qd3 Qe7 23. Rhg1 b4 24. Ne2 Nb6 25. Nhf4 Rf8 26. R5g2 Kd7 27. Kb1 Nc4 28. Nc1 Rfb8 29. Qe2 b3 30. cxb3 a3 31. Nfd3 axb2 32. Nxb2 Na3+ 33. Ka1 Nb5 34. Na4 Nxd4 35. Qf2 Qb4 36. Rd1 Rxa4 37. Qe1 Nxb3+ 38. Nxb3 Qxb3 39. Rc1 Rba8 40. Qd2 Qb4 41. Qg5 Qd4+ 42. Kb1 Rb8+ 43. Kc2 Rxa2# 0-1

[Event "94th FRA-ch Open B 2019"]
[Site "Chartres"]
[Date "2019.08.25"]
[Round "9.4"]
[White "Letemple, Frederic"]
[Black "Le Menelec, Erwan-Son"]
[Result "1-0"]
[ECO "A01"]
[WhiteElo "1890"]
[BlackElo "1986"]
[Annotator "NA"]
[PlyCount "55"]
[EventDate "2019.08.17"]
[EventType "swiss"]
[EventCountry "FRA"]
[SourceTitle "playchess.com"]
[Source "ChessBase"]
[SourceQuality "1"]
[TimeControl "40/5400+30:1800+30"]

1. b3 e5 2. Bb2 d6 3. e3 Nf6 4. d4 exd4 5. Bxd4 Nc6 6. Bb5 Bd7 7. Bb2 Ne5 8. Be2 Bc6 9. Nf3 Nfd7 10. Nbd2 b6 11. e4 Bb7 12. Nxe5 Nxe5 13. O-O Qe7 14. f4 Nd7 15. Bf3 O-O-O 16. a4 Nc5 17. a5 Nxe4 18. axb6 axb6 19. Nxe4 Bxe4 20. Qe2 Bxf3 21. Qxf3 d5 22. Ra7 Qe4 23. Qh3+ f5 24. Be5 Bd6 25. Bxd6 Qd4+ 26. Kh1 cxd6 27. Qxf5+ Kb8 28. Qf7 1-0

[Event "94th FRA-ch Open B 2019"]
[Site "Chartres"]
[Date "2019.08.25"]
[Round "9.5"]
[White "Pinson, Alexis"]
[Black "Tribout, Alexandre"]
[Result "1-0"]
[ECO "B23"]
[WhiteElo "1841"]
[BlackElo "1811"]
[Annotator "NA"]
[PlyCount "119"]
[EventDate "2019.08.17"]
[EventType "swiss"]
[EventCountry "FRA"]
[SourceTitle "playchess.com"]
[Source "ChessBase"]
[SourceQuality "1"]
[TimeControl "40/5400+30:1800+30"]

1. e4 c5 2. Nc3 Nc6 3. Bb5 Nd4 4. Bc4 g6 5. Nf3 Bg7 6. Nxd4 cxd4 7. Qf3 e6 8. Nb5 d6 9. Qa3 Bf8 10. Nxd4 Bd7 11. Qd3 a6 12. O-O b5 13. Bb3 Qb6 14. a4 Bg7 15. Nf3 Rc8 16. axb5 Bxb5 17. Ba4 Ne7 18. Bxb5+ axb5 19. Qb3 O-O 20. d3 Qc6 21. Ra7 Rc7 22. Rxc7 Qxc7 23. Be3 Ra8 24. Bd4 d5 25. Bxg7 Kxg7 26. h3 dxe4 27. dxe4 Qc5 28. Rd1 Ra7 29. Nd4 b4 30. Qd3 e5 31. Nf3 Rc7 32. Rd2 f6 33. Qd8 Rc8 34. Qd7 Rc7 35. Qe8 Rc8 36. Rd8 Rxd8 37. Qxd8 Kf7 38. Qd3 Qa5 39. Qc4+ Kg7 40. Kh2 Qb6 41. Kg1 g5 42. c3 bxc3 43. bxc3 h5 44. Nd2 g4 45. hxg4 hxg4 46. Qd3 Qe6 47. Nc4 Ng6 48. Ne3 Nf4 49. Qd1 Qc6 50. Qxg4+ Kf7 51. g3 Nd3 52. Qh5+ Ke6 53. Qf5+ Kf7 54. Qh7+ Ke6 55. Nd5 Qc5 56. Qf5+ Kd6 57. Qxf6+ Kd7 58. Qb6 Qc4 59. Qb7+ Kd8 60. Qe7+ 1-0

[Event "94th FRA-ch Open B 2019"]
[Site "Chartres"]
[Date "2019.08.25"]
[Round "9.6"]
[White "Clementz, Joel"]
[Black "Aubry, Justin"]
[Result "0-1"]
[ECO "B15"]
[WhiteElo "1969"]
[BlackElo "1915"]
[Annotator "NA"]
[PlyCount "120"]
[EventDate "2019.08.17"]
[EventType "swiss"]
[EventCountry "FRA"]
[SourceTitle "playchess.com"]
[Source "ChessBase"]
[SourceQuality "1"]
[TimeControl "40/5400+30:1800+30"]

1. e4 c6 2. d4 d5 3. Nc3 dxe4 4. Nxe4 Nf6 5. Nxf6+ exf6 6. Bc4 Bd6 7. Qe2+ Qe7 8. Qxe7+ Kxe7 9. Ne2 Bf5 10. c3 Be6 11. Bd3 Rd8 12. Bf4 f5 13. O-O Kf6 14. h4 Bxf4 15. Nxf4 h6 16. Ne2 c5 17. Rfd1 c4 18. Bc2 g5 19. hxg5+ hxg5 20. f4 g4 21. Ng3 Rd5 22. b3 b5 23. a4 Nd7 24. b4 Nb6 25. a5 Nd7 26. Re1 Rh8 27. Kf2 Kg6 28. Rh1 Rxh1 29. Rxh1 Nf6 30. Re1 Nd7 31. Nf1 Nf6 32. g3 a6 33. Ne3 Rd6 34. Ke2 Nd5 35. Nd1 Rd8 36. Rh1 Nf6 37. Kd2 Nh5 38. Rg1 Nf6 39. Ne3 Rh8 40. Rg2 Rh1 41. Rf2 Rh3 42. Rg2 Rh1 43. Ke2 Rh5 44. Nf1 Bd5 45. Rh2 Rxh2+ 46. Nxh2 Be4 47. Kd2 Bxc2 48. Kxc2 Ne4 49. Nf1 Kf6 50. Ne3 Nxg3 51. Nxc4 Nf1 52. Kd3 bxc4+ 53. Ke2 Ng3+ 54. Ke3 Ne4 55. b5 Nd6 56. bxa6 Nb5 57. Kf2 Ke7 58. Kg3 Kd6 59. Kf2 Kc7 60. Kg3 Nxc3 0-1